 Dungeon Crawl Stone Soup version 0.29-a0-121-g8efb068a30 (webtiles) character file.

Game seed: 10112380248232233358

343 Grim the Digger (level 6, -5/32 HPs)
             Began as a Deep Elf Earth Elementalist on Feb 20, 2022.
             Killed from afar by a steam dragon (18 damage)
             ... with a ball of steam
             ... on level 3 of the Dungeon.
             The game lasted 00:12:13 (4524 turns).

Grim the Digger (Deep Elf Earth Elementalist)       Turns: 4524, Time: 00:12:13

Health: -5/32      AC:  7    Str:  7    XL:     6   Next: 31%
Magic:  10/12      EV: 12    Int: 20    God:
Gold:   78         SH:  0    Dex: 15    Spells: 2/11 levels left

rFire   . . .      SeeInvis .   t - +2 short sword (venom)
rCold   . . .      Faith    .   m - orb {*Rage}
rNeg    . . .      Spirit   .   b - +0 robe
rPois   .          Reflect  .   q - +0 helmet
rElec   .          Harm     .   (no cloak)
rCorr   .          Rampage  .   (no gloves)
Will    .....      Rage     20% (no boots)
Stlth   ++........              (no amulet)
HPRegen 0.10/turn               k - +4 ring of protection
MPRegen 0.13/turn               (no ring)

@: no status effects
A: no striking features
a: no special abilities


You were on level 3 of the Dungeon.
You visited 1 branch of the dungeon, and saw 4 of its levels.

You collected 78 gold pieces.

Inventory:

Hand Weapons
 d - a +2 dagger of flaming
 t - a +2 short sword of venom (weapon)
Missiles
 a - a poisoned dart (quivered)
 c - 46 stones
Armour
 b - a +0 robe (worn)
 m - an orb of wrath (worn)
 q - a +0 helmet (worn)
Jewellery
 k - a +4 ring of protection (left hand)
Wands
 p - a wand of acid (8)
Scrolls
 f - a scroll of blinking {unknown}
 g - 2 scrolls of magic mapping
 i - a scroll of vulnerability {unknown}
 j - 2 scrolls of summoning {unknown}
 l - a scroll of silence {unknown}
 n - a scroll of amnesia {unknown}
 o - a scroll of immolation {unknown}
 s - 2 scrolls of identify
Potions
 e - 3 potions of heal wounds
 h - 2 potions of brilliance
 r - 2 potions of degeneration {unknown}
 u - a potion of curing {unknown}


   Skills:
 - Level 2.4 Dodging
 - Level 2.4 Stealth
 - Level 3.0 Spellcasting
 * Level 3.3 Hexes
 - Level 3.4 Transmutations
 + Level 6.3 Earth Magic


You had 2 spell levels left.
You knew the following spells:

 Your Spells              Type           Power      Damage    Failure   Level
a - Sandblast             Erth           56%        2d13      1%          1
b - Passwall              Tmut/Erth      18%        N/A       3%          2
c - Stone Arrow           Conj/Erth      30%        3d8       12%         3
d - Confusing Touch       Hex            16%        N/A       11%         3

Your spell library contained the following spells:

 Spells                   Type           Power      Damage    Failure   Level
 Petrify                  Tmut/Erth      22%        N/A       19%         4
 Yara's Violent Unravell  Hex/Tmut       8%         3d5       69%         5
 Enfeeble                 Hex            8%         N/A       100%        7


Dungeon Overview and Level Annotations

Branches:
Dungeon (4/15)
 Temple: D:4-7

Altars:

Shops:
D:1 !

Annotations:
D:3 Natasha


Message History

You can't see any susceptible monsters within range! (Use Z to cast anyway.)
You are engulfed in a cloud of scalding steam.
You climb upwards.
Level annotation: Natasha
There is a stone staircase leading down here.
You start resting.
Magic restored.
You start resting.
HP restored.
You climb downwards.
The goblin hits you with a +0 club.
There is a stone staircase leading up here.
Casting: Stone Arrow (quite dangerous; 12% risk of failure)
Confirm with . or Enter, or press ? or * to list all spells.
The spell is quite dangerous to miscast (12% risk of failure)!
Continue anyway?
Aiming: Stone Arrow (quite dangerous; 12% risk of failure)
Press: ? - help, Shift-Dir - straight line, f - steam dragon
Aim: a steam dragon (moderately wounded, 68% to hit)
The stone arrow hits the steam dragon!
The steam dragon is heavily wounded.
The goblin barely misses you. The steam dragon breathes steam at you.
The ball of steam hits you!
A rat comes into view.
You are engulfed in a cloud of scalding steam.
* * * LOW HITPOINT WARNING * * *
The goblin hits you but does no damage. The steam dragon bites you.
* * * LOW HITPOINT WARNING * * *
The steam dragon claws you but does no damage.
You climb upwards.
Level annotation: Natasha
There is a stone staircase leading down here.
The goblin hits you but does no damage. The steam dragon breathes steam at you.
The ball of steam hits the goblin!!
The goblin dies!
The ball of steam misses you. The steam dragon breathes steam at you.
The ball of steam hits you!!
Ouch! That really hurt!
You die...

###.#.###.###.(# ##...##
#.....###.###..#####..##
#####.###.#.......).......#
......# #...#.###<.######.#
.####.###...>......######.#
.# #.....D##.........)...#
.# ###.#§§######.#########
.######.#.)######.#
......<.....D.§§@.#
.#########.######## ## #.#
# #.# # #.# # #.# ##### #.#
....######.# ###........#


There were no monsters in sight!

Vanquished Creatures
  A wyvern zombie (D:3)
  A scorpion (D:3)
  Natasha (D:3)
  Robin (D:2)
  6 adders
  An adder skeleton (D:4)
  2 worms
  5 dart slugs
  2 orcs (D:3)
  5 ball pythons
  6 bats
  7 endoplasms
  A giant cockroach (D:3)
  9 hobgoblins
  15 jackals
  A quokka (D:2)
  2 frilled lizards
  20 goblins
  8 kobolds
  9 rats
103 creatures vanquished.

Vanquished Creatures (others)
  A goblin (D:3)
1 creature vanquished.

Grand Total: 104 creatures vanquished

Notes
Turn   | Place    | Note
-------+----------+-------------------------------------------
     0 | D:1      | Grim the Deep Elf Earth Elementalist began the quest for
                  | the Orb.
     0 | D:1      | Reached XP level 1. HP: 10/10 MP: 6/6
   218 | D:1      | Reached XP level 2. HP: 14/15 MP: 8/8
   431 | D:1      | Learned a level 2 spell: Passwall
   434 | D:1      | Reached skill level 4 in Earth Magic
   760 | D:1      | Reached XP level 3. HP: 14/19 MP: 6/9
   931 | D:1      | Found Jauv's Distillery.
  1155 | D:2      | Learned a level 3 spell: Stone Arrow
  1182 | D:2      | Noticed Robin
  1380 | D:2      | Killed Robin
  1476 | D:2      | Reached XP level 4. HP: 24/24 MP: 5/10
  1754 | D:2      | Reached skill level 5 in Earth Magic
  2852 | D:3      | Reached XP level 5. HP: 9/28 MP: 1/11
  3056 | D:3      | Learned a level 3 spell: Confusing Touch
  3128 | D:3      | Reached skill level 6 in Earth Magic
  3285 | D:3      | Reached XP level 6. HP: 32/32 MP: 7/12
  3477 | D:3      | Noticed Natasha
  3482 | D:3      | Killed Natasha
  3583 | D:3      | Noticed Natasha
  3839 | D:3      | Identified the +1 pair of boots of Ytsad {+Inv Regen+
                  | Str+7}
  4007 | D:3      | Found a faded altar of an unknown god.
  4302 | D:4      | Noticed a steam dragon
  4524 | D:3      | Killed from afar by a steam dragon

Illustrated notes

Levels and vault maps discovered:
D:1:      erik_arrival_blinker_ship, layout_rooms, serial_shops, shop_fountains,
          st_stairs_3
D:2:      layout_loops_ring, amcnicky_mini_pool_small, uniq_robin
D:3:      layout_loops_ring, nicolae_ecumenical_snake_handling, uniq_natasha
D:4:      kennysheep_goblin_castle, layout_rooms, minmay_rat_hole

Skill      XL: |  1  2  3  4  5  6 |
---------------+-------------------+-----
Earth Magic    | 4 5 6 |  6.3
Transmutations | 2 3 |  3.4
Hexes          | 2 3 |  3.3
Dodging        | |  2.4
Stealth        | |  2.4
Spellcasting   | |  3.0

Action                   |  1- 3 |  4- 6 || total
-------------------------+-------+-------++-------
Melee: Dagger            |    22 |    66 ||    88
       Short sword       |       |    31 ||    31
Throw: Dart              |     2 |     2 ||     4
 Cast: Sandblast         |    46 |    32 ||    78
       Stone Arrow       |     5 |     9 ||    14
       Passwall          |     1 |       ||     1
  Use: Scroll            |       |     3 ||     3
       Potion            |       |     1 ||     1
 Stab: Sleeping          |     1 |     3 ||     4
       Distracted        |       |     1 ||     1
Armor: Robe              |    12 |    43 ||    55
Dodge: Dodged            |    27 |    71 ||    98

Table legend: (Time is in decaauts)
 A = Elapsed time spent in this place.
 B = Non-inter-level travel time spent in this place.
 C = Inter-level travel time spent in this place.
 D = Time resting spent in this place.
 E = Time spent auto-exploring this place.
 F = Levels seen in this place.
 G = Mean time per level.
                   A        B        C        D        E       F      G
               +--------+--------+--------+--------+--------+-----+--------+
         Total |   4671 |   4562 |    109 |   2364 |   1402 |   4 | 1167.8 |
       Dungeon |   4671 |   4562 |    109 |   2364 |   1402 |   4 | 1167.8 |
               +--------+--------+--------+--------+--------+-----+--------+

Top non-repeatable levels by time:
     D:3: 1929 daAuts
     D:2: 1519 daAuts
     D:1: 1185 daAuts
     D:4: 36 daAuts
